 Dungeon Crawl Stone Soup version 0.23-a0-586-gacb4b3f (webtiles) character file.

119 inc the Conjurer (level 4, 18/18 HPs)
             Began as a Felid Conjurer on Dec 18, 2018.
             Quit the game in a sewer.
             The game lasted 00:04:25 (3786 turns).

inc the Conjurer (Felid Conjurer)                   Turns: 3786, Time: 00:04:26

Health: 18/18      AC:  1    Str:  4    XL:     4   Next: 73%
Magic:  11/11      EV: 18    Int: 17    God:
Gold:   78         SH:  0    Dex: 17    Spells: 8/11 levels left
                                        Lives:  0   Deaths: 1

rFire    . . .     SeeInvis +   (weapon unavailable)
rCold    . . .     Gourm    .   (shield unavailable)
rNeg     . . .     Faith    .   (armour unavailable)
rPois    .         Spirit   .   (helmet unavailable)
rElec    .         Reflect  .   (cloak unavailable)
rCorr    .         Harm     .   (gloves unavailable)
MR       .....                  (boots unavailable)
Stlth    +++.......             (no amulet)
HPRegen  0.06/turn              (no ring)
MPRegen  0.12/turn              (no ring)

@: quick
A: very small, no armour, no weapons or thrown items, stealth, claws 1, fangs 3,
see invisible, carnivore, speed 1, shaggy fur 1, slow metabolism 1, sharp paws
a: no special abilities


You were in a sewer.
You were not hungry.

You visited 1 branch of the dungeon, and saw 3 of its levels.
You also visited: Sewer.

You collected 78 gold pieces.

Inventory:

Wands
 q - a wand of paralysis (10)
Scrolls
 a - 2 scrolls of fog {unknown}
 c - 2 scrolls of enchant armour {unknown}
 e - a scroll of enchant weapon {unknown}
 f - 2 scrolls of magic mapping {unknown}
 g - 3 scrolls of identify {unknown}
 i - a scroll of teleportation {unknown}
 m - a scroll of immolation {unknown}
 o - a scroll of remove curse {unknown}
 r - 2 scrolls of blinking {unknown}
Potions
 d - 3 potions of might
 h - a potion of resistance {unknown}
 j - a potion of mutation {unknown}
 k - a potion of haste
 l - 2 potions of heal wounds {unknown}
 n - a potion of cancellation {unknown}
 p - 2 potions of curing {unknown}
 s - a potion of magic {unknown}
Comestibles
 b - 4 rations


   Skills:
 - Level 2.6 Dodging
 - Level 2.6 Stealth
 + Level 4.2 Spellcasting
 + Level 5.2 Conjurations


You had 8 spell levels left.
You knew the following spells:

 Your Spells              Type           Power        Failure   Level  Hunger
a - Magic Dart            Conj           ###.         1%          1    None
b - Searing Ray           Conj           ###...       2%          2    ##.....

Your spell library contained the following spells:

 Spells                   Type           Power        Failure   Level  Hunger
 Dazzling Spray           Conj/Hex       ##....       16%         3    ###....
 Iskenderun's Mystic Bla  Conj           ###.....     19%         4    ####...
 Force Lance              Conj/Tloc      ##......     45%         4    ####...
 Fulminant Prism          Conj/Hex       ##........   45%         4    ####...


Dungeon Overview and Level Annotations

Branches:
Dungeon (3/15)

Altars:


Innate Abilities, Weirdness & Mutations

You cannot wear armour.
You are incapable of wielding weapons or throwing items.
Your paws allow you to move quietly. (Stealth)
You have sharp claws.
You have razor-sharp teeth.
You have supernaturally acute eyesight. (SInv)
You are carnivorous and can eat meat at any time.
You cover ground quickly.
You are covered in fur. (AC +1)
You have a slow metabolism.
Your sharp claws are effective at attacking unaware monsters.


Message History

You scratch the bullfrog.
The bullfrog is moderately wounded.
The bullfrog hits you.
* * * LOW HITPOINT WARNING * * *
The ball python closely misses you.
* * * LOW HITPOINT WARNING * * *
The ball python constricts you. The ball python closely misses you.
A ball python comes into view.
It was a potion of haste.
You feel yourself speed up. The bullfrog misses you.
The ball python bites you but does no damage.
The ball python constricts you. The ball python closely misses you.
The bullfrog closely misses you.
You escape the ball python's grasp.
You enter the shallow water.
Moving in this stuff is going to be slow.
The ball python bites you.
You die...
The ball python misses you.
You are now level 4!
You rejoin the land of the living...
Are you sure you want to abandon this character and quit the game? (Confirm

##### ####@..####
####.........#### #
##...............##
#
#.......###.......#
## ##......##
##......## .#
#......## ##......#
## #......#
#......# ≈#
#≈≈≈≈≈≈# #≈≈≈≈≈≈#
≈# #≈≈≈≈≈≈#
#≈≈÷≈≈≈#


There were no monsters in sight!

Vanquished Creatures
  Terence (D:2)
  6 adders
  7 river rats (Sewer)
  An ooze (Sewer)
  A worm (D:2)
  4 dart slugs
  3 leopard geckos
  6 ball pythons (Sewer)
  5 bats
  5 giant cockroaches
  5 goblins
  5 hobgoblins
  3 jackals
  2 kobolds
  5 frilled lizards
  24 rats
83 creatures vanquished.

Notes
Turn   | Place    | Note
-------+----------+-------------------------------------------
     0 | D:1      | inc the Felid Conjurer began the quest for the Orb.
     0 | D:1      | Reached XP level 1. HP: 7/7 MP: 4/4
   335 | D:1      | Reached XP level 2. HP: 11/11 MP: 1/6
   594 | D:1      | Reached skill level 4 in Conjurations
  1066 | D:1      | Learned a level 2 spell: Searing Ray
  1421 | D:2      | Reached XP level 3. HP: 14/14 MP: 6/8
  2092 | D:2      | Noticed Terence
  2198 | D:2      | Killed Terence
  2198 | D:2      | Reached XP level 4. HP: 2/18 MP: 1/9
  2678 | D:3      | Found a glowing drain.
  2738 | Sewer    | Entered a sewer
  3215 | Sewer    | Reached XP level 5. HP: 21/21 MP: 2/11
  3440 | Sewer    | Reached skill level 5 in Conjurations
  3783 | Sewer    | HP: 1/21 [ball python (1)]
  3785 | Sewer    | Slain by a ball python
  3786 | Sewer    | Reached XP level 4. HP: -1/18 MP: 6/11
  3786 | Sewer    | Quit the game

Vault maps used:
D:1:      dpeg_arrival_rooms_a
D:2:      minmay_octomino_e4, uniq_terence
D:3:      old_standard_altar, cheibrodos_sewer_entry_drain,
          minmay_misc_feat_alley, uniq_ijyb
Sewer:    sewer_minmay_w

Skill      XL: |  1  2  3  4  5 |
---------------+----------------+-----
Conjurations   | 4 5 |  5.2
Spellcasting   | 3 4 |  4.2
Dodging        | |  2.6
Stealth        | |  2.6

Action                   |  1- 3 |  4- 6 || total
-------------------------+-------+-------++-------
Melee: Unarmed           |       |     5 ||     5
 Cast: Magic Dart        |    90 |    99 ||   189
       Searing Ray       |     2 |     5 ||     7
  Use: Potion            |       |     2 ||     2
  Eat: Chunk             |     4 |     3 ||     7
Armor: Skin              |     2 |     2 ||     4
Dodge: Dodged            |    22 |    39 ||    61

Table legend:
 A = Non-vault XP
 B = Vault XP
 C = Vault XP percentage of total XP
 D = Non-vault monster count
 E = Vault monster count
 F = Vault count percentage of total count
                 A         B        C        D         E       F
            +---------+---------+-------+---------+---------+-------
      Total |      74 |     259 |  77.8 |      36 |      47 |  56.6
            +---------+---------+-------+---------+---------+-------
        D:1 |      40 |       0 |   0.0 |      18 |       0 |   0.0
        D:2 |      31 |      57 |  64.8 |      17 |       5 |  22.7
        D:3 |       3 |       3 |  50.0 |       1 |       2 |  66.7
      Sewer |       0 |     199 | 100.0 |       0 |      40 | 100.0
            +---------+---------+-------+---------+---------+-------
